 Dungeon Crawl Stone Soup version 0.19-a0-1861-g35def1e (webtiles) character file.

1315 Amnesiac the Covert (level 8, -5/43 HPs)
             Began as a Deep Elf Assassin on Oct 12, 2016.
             Slain by an ogre
             ... wielding a +0 giant club
              (26 damage)
             ... on level 5 of the Dungeon.
             The game lasted 00:13:19 (5336 turns).

Amnesiac the Covert (Deep Elf Assassin)             Turns: 5336, Time: 00:13:21

Health: -5/43      AC: 10    Str: 12    XL:     8   Next: 33%
Magic:  10/10      EV:  8    Int: 17    God:
Gold:   148        SH:  4    Dex: 18    Spells: 0 memorised, 7 levels left

rFire  + . .     SeeInvis .     a - +2 dagger
rCold  + . .     Gourm    .     p - +2 scale mail {rF+}
rNeg   . . .     Faith    .     D - +0 buckler
rPois  .         Spirit   .     s - +0 helmet
rElec  .         Dismiss  .     d - +0 cloak
rCorr  .         Reflect  .     (no gloves)
MR     .....     Harm     +     (no boots)
Stlth  +++.......               y - amulet of harm
                                B - +4 ring of strength
                                h - ring of protection from cold

@: no status effects
A: no striking features
a: no special abilities


You were on level 5 of the Dungeon.
You were not hungry.

You visited 2 branches of the dungeon, and saw 7 of its levels.

You collected 166 gold pieces.
You spent 18 gold pieces at shops.

Inventory:

Hand Weapons
 a - a +2 dagger (weapon)
 b - a +0 blowgun
Missiles
 n - 16 poisoned needles
 x - a curare-tipped needle
Armour
 d - a +0 cloak (worn)
 p - a +2 scale mail of fire resistance (worn)
 s - a +0 helmet (worn)
 D - a +0 buckler (worn)
Jewellery
 c - an uncursed ring of resist corrosion
 h - a ring of protection from cold (left hand)
 k - an uncursed ring of fire
 y - an amulet of harm (around neck)
 B - a +4 ring of strength (right hand)
Wands
 z - a wand of enslavement (19/24)
Scrolls
 e - 2 scrolls of remove curse {unknown}
 i - a scroll of enchant armour {unknown}
 j - a scroll of fog {unknown}
 l - 2 scrolls of teleportation
 w - a scroll of enchant weapon {unknown}
 F - a scroll of identify
Potions
 m - a potion of might {unknown}
 o - a potion of haste
 q - a potion of curing
 t - a potion of cancellation
 v - a potion of brilliance
 A - 2 potions of lignification
 C - a potion of beneficial mutation {unknown}
 E - a potion of heal wounds
Comestibles
 f - 2 fruits
 g - 2 bread rations
 r - a meat ration
 u - a beef jerky


   Skills:
 - Level 1.5 Fighting
 - Level 5.2 Short Blades
 - Level 5.0 Throwing
 - Level 1.2 Dodging
 - Level 10.5 Stealth
 + Level 1.4 Shields


You had 7 spell levels left.
You didn't know any spells.

Dungeon Overview and Level Annotations

Branches:
Dungeon (6/15)             Temple (1/1) D:4

Altars:
Cheibriados
Dithmenos
Hepliaklqana
Nemelex Xobeh
Qazlal
Ru
Trog
Uskayaw
Vehumet
Zin
The Shining One
Lugonu

Shops:
D:5 *

Annotations:
D:3 1 runed door, exclusion: downstairs
D:4 Dowan


Message History

There is a stone staircase leading down here.
You climb downwards.
You hear the hiss of flowing sand.
There is an entrance to an ossuary on this level.
Hurry and find it before the portal is buried!
An ogre comes into view. It is wielding a giant club.
Found 9 arrows.
Found an escape hatch in the floor.
There is a stone staircase leading up here.
Found a meat ration.
Wield which item (- for none, * to show all)? (? for menu, Esc to quit)
Okay, then.
The ogre hits you with a giant club!
There is a stone staircase leading up here.
The ogre hits you with a giant club!
You climb upwards.
There is a stone staircase leading down here.
The ogre closely misses you.
There is a stone staircase leading down here.
The ogre hits you with a giant club!!
Ouch! That really hurt!
You die...

.#.##.....#####.######.##.#
.#.##..##.....#.....##.##[#
.#...#.######.#####.##....#
####...# #.# #.####..###
##### #.## #.##......#
#..## #.##......# ##..#
#.##......#
##O###..#...>..#
#.@....######## ########


You could see an ogre.

Vanquished Creatures
  Eustachio (Temple)
  Edmund (D:4)
  Duvessa (D:4)
  An ice beast (D:5)
  2 ogres
  A centaur (D:5)
  2 phantoms (D:5)
  Blork the orc (D:4)
  A hound (D:4)
  An orc priest (D:4)
  A bullfrog skeleton (D:5)
  2 orc wizards (D:3)
  3 worker ants
  A hound skeleton (D:5)
  Robin (D:4)
  5 adders
  An adder skeleton (D:4)
  A dart slug (D:4)
  2 leopard geckos (D:3)
  14 orcs
  3 giant cockroaches
  4 hobgoblins
  6 jackals
  4 kobolds
  3 quokkas
  A ball python skeleton (D:5)
  5 bats
  2 frilled lizards (D:3)
  13 goblins
  A quokka skeleton (D:5)
  9 rats
94 creatures vanquished.

Notes
Turn   | Place    | Note
-------+----------+-------------------------------------------
     0 | D:1      | Amnesiac the Deep Elf Assassin began the quest for the Orb.
     0 | D:1      | Reached XP level 1. HP: 12/12 MP: 3/3
    34 | D:1      | Reached skill level 5 in Stealth
    87 | D:1      | Reached XP level 2. HP: 7/16 MP: 4/4
   586 | D:3      | Found a bloodstained altar of Trog.
  1000 | D:3      | Reached XP level 3. HP: 20/20 MP: 5/5
  1407 | D:3      | Reached skill level 6 in Stealth
  1491 | D:3      | Reached XP level 4. HP: 21/25 MP: 6/6
  1512 | D:3      | HP: 1/25 [jackal (1)]
  1636 | D:4      | Noticed an ogre
  1640 | D:4      | Noticed Robin
  1652 | D:3      | Found a runed door.
  1709 | D:4      | Noticed Edmund
  1732 | D:4      | Killed Edmund
  1732 | D:4      | Reached skill level 7 in Stealth
  1732 | D:4      | Reached XP level 5. HP: 19/29 MP: 7/7
  1866 | D:4      | Noticed Duvessa
  1868 | D:4      | Noticed Dowan
  1907 | D:4      | Killed Duvessa
  1907 | D:4      | Reached XP level 6. HP: 13/34 MP: 8/8
  2112 | D:4      | Found a staircase to the Ecumenical Temple.
  2119 | Temple   | Entered the Ecumenical Temple
  2685 | D:2      | Found a shadowy altar of Dithmenos.
  2895 | D:2      | Reached skill level 8 in Stealth
  3277 | D:4      | Killed Robin
  3646 | D:4      | Noticed Eustachio
  3693 | Temple   | Killed Eustachio
  3693 | Temple   | Reached skill level 9 in Stealth
  3693 | Temple   | Reached XP level 7. HP: 25/38 MP: 9/9
  4128 | D:4      | Noticed Blork the orc
  4158 | D:4      | Killed Blork the orc
  4527 | D:4      | Found a hazy altar of Hepliaklqana.
  4530 | D:4      | Found a bloodstained altar of Trog.
  4650 | D:5      | Entered Level 5 of the Dungeon
  4851 | D:5      | Found Kogodwutz's Assorted Antiques.
  4872 | D:5      | Reached skill level 5 in Short Blades
  4872 | D:5      | Reached skill level 10 in Stealth
  4872 | D:5      | Reached XP level 8. HP: 32/43 MP: 10/10
  4876 | D:5      | Bought a murky purple potion for 18 gold pieces
  5005 | D:5      | Reached skill level 5 in Throwing
  5056 | D:5      | Reached skill level 1 in Shields
  5336 | D:5      | Slain by an ogre

Vault maps used:
D:1:      minmay_arrival_four_loops
D:2:      lemuel_crystal_altar
D:3:      trog_butcher_becter, uniq_crazy_yiuf_cottage
D:4:      gammafunk_temple_overflow_pools, first_bread,
          kennysheep_cross_bottleneck, uniq_duvessa, uniq_blork_the_orc,
          uniq_robin, uniq_edmund, uniq_eustachio
D:5:      serial_shops, nicolae_shop_overgrown_old_shop, corexii_hall_statues_i
D:6:      nicolae_ashenzari_panopticon, okawaru_metal_pillars_1_2, serial_shops,
          shop_scrolls, enter_ossuary_5, hangedman_abyss_or_decor_stabs,
          grunt_qazlal_sundering
Temple:   corrupted_temple

Skill      XL: |  1  2  3  4  5  6  7  8 |
---------------+-------------------------+-----
Stealth        | 5 6 7 9 10 | 10.5
Short Blades   | 3 4 5 |  5.2
Throwing       | 3 4 5 |  5.0
Shields        | 1 |  1.4
Fighting       | |  1.5
Dodging        | |  1.2

Action                   |  1- 3 |  4- 6 |  7- 9 || total
-------------------------+-------+-------+-------++-------
Melee: Dagger            |   119 |   146 |   173 ||   438
       Unarmed           |       |    14 |       ||    14
 Fire: Blowgun           |     8 |    23 |    33 ||    64
  Use: Potion            |       |     4 |     2 ||     6
       Scroll            |       |     5 |     4 ||     9
 Stab: Sleeping          |     6 |     3 |     5 ||    14
       Distracted        |     1 |       |       ||     1
  Eat: Chunk             |     2 |     6 |     5 ||    13
       Fruit             |       |     1 |       ||     1
Armor: Robe              |     8 |       |       ||     8
       Scale mail        |    28 |    85 |    72 ||   185
       Skin              |       |    17 |       ||    17
Dodge: Dodged            |    55 |    52 |    60 ||   167
